 Dungeon Crawl Stone Soup version 0.29-a0-472-ge5599a681e (webtiles) character file.

Game seed: 12719954026944002972

43 dabmancer the Magician (level 3, -9/16 HPs)
             Began as a Spriggan Hedge Wizard on May 23, 2022.
             Was a Follower of Dithmenos.
             Killed from afar by an orc wizard (10 damage)
             ... with a puff of flame
             ... on level 2 of the Dungeon.
             The game lasted 00:09:08 (1971 turns).

dabmancer the Magician (Spriggan Hedge Wizard)      Turns: 1971, Time: 00:09:08

Health: -9/16      AC:  2    Str:  6    XL:     3   Next: 37%
Magic:  8/10       EV: 17    Int: 17    God:    Dithmenos [*.....]
Gold:   65         SH:  0    Dex: 14    Spells: 6/11 levels left

rFire   . . .      SeeInvis +   h - staff of conjuration
rCold   . . .      Faith    .   (shield currently unavailable)
rNeg    . . .      Spirit   .   b - +0 robe
rPois   .          Reflect  .   c - +0 hat
rElec   .          Harm     .   (no cloak)
rCorr   .          Rampage  .   (gloves unavailable)
Will    .....                   (boots unavailable)
Stlth   +++.......              (no amulet)
HPRegen 0.05/turn               (no ring)
MPRegen 0.12/turn               (no ring)

@: wreathed by umbra, very quick
A: very small, no large weapons, unfitting armour, see invisible, speed 3
a: Renounce Religion


You were on level 2 of the Dungeon.
You worshipped Dithmenos.
Dithmenos was aware of your devotion.
You visited 1 branch of the dungeon, and saw 2 of its levels.

You collected 65 gold pieces.

Inventory:

Hand Weapons
 a - a +0 dagger
Missiles
 f - 122 stones
 g - 4 javelins
Armour
 b - a +0 robe (worn)
 c - a +0 hat (worn)
Magical Staves
 h - a staff of conjuration (weapon)
Scrolls
 e - a scroll of identify {unknown}
 i - a scroll of teleportation {unknown}
 j - a scroll of magic mapping {unknown}
 l - a scroll of poison {unknown}
Potions
 d - a potion of magic


   Skills:
 + Level 0.5 Staves
 + Level 3.2 Dodging
 + Level 3.3 Stealth
 * Level 4.9 Spellcasting
 * Level 0.9 Conjurations
 + Level 0.7 Summonings
 + Level 1.5 Translocations
 * Level 0.3 Evocations


You had 6 spell levels left.
You knew the following spells:

 Your Spells              Type           Power      Damage    Failure   Level
a - Magic Dart            Conj           40%        1d5       10%         1
b - Blink                 Tloc           18%        N/A       12%         2
c - Call Imp              Summ           6%         N/A       16%         2

Your spell library contained the following spells:

 Spells                   Type           Power      Damage    Failure   Level
 Slow                     Hex            16%        N/A       14%         1
 Conjure Flame            Conj/Fire      8%         6-21      34%         3
 Mephitic Cloud           Conj/Pois/Air  7%         N/A       36%         3


Dungeon Overview and Level Annotations

Branches:
Dungeon (2/15)

Altars:
Dithmenos

Shops:
D:1 (


Innate Abilities, Weirdness & Mutations

You are very small and have problems with some larger weapons.
You are too small for most types of armour.
You have supernaturally acute eyesight. (SInv)
You cover ground extremely quickly. (Speed+++)


Message History

Confirm with . or Enter, or press ? or * to list all spells.
You miscast Call Imp.
You are very lightly contaminated with residual magic.
Nothing appears to happen.
Casting: Call Imp (safe; 16% risk of failure)
Confirm with . or Enter, or press ? or * to list all spells.
A beastly little devil appears in a puff of flame.
You swap places.
The orc wizard gestures at you while chanting.
The puff of flame misses you.
Your crimson imp closely misses the orc wizard.
There is an open door here.
Your magical contamination has completely faded away.
Your crimson imp blinks!
The orc wizard gestures at you while chanting.
You are confused.
Your crimson imp hits the orc wizard but does no damage.
Your crimson imp hits the orc wizard.
You bump into the rock wall.
Your crimson imp barely misses the orc wizard.
You're too confused to move!
The orc wizard points at you and mumbles some strange words.
The puff of flame hits you!
Ouch! That really hurt!
* * * LOW HITPOINT WARNING * * *
Your crimson imp blinks!
There is an open door here.
You bump into the rock wall.
You feel less confused.
The orc wizard gestures at you while chanting.
You are confused.
You bump into the rock wall.
It was a potion of cancellation.
Your magical effects are unravelling.
You feel magically purged.
You feel less confused. The orc wizard casts a spell at you.
The puff of flame hits you!
Ouch! That really hurt!
You die...

....#....5..........#
....'......####################
#####..ยง...# #.............#
#......# #.............#
#......# #.............# ##
#......# #.............# .#
#......######.......[.....###
.+
+......'.o........>.......'..
.#
#......#####@.............###
.# #......# #.#...............
.# #####'## #.#.#############.
.# #.. #.#.#...........#. .#
##.# #.#.#.#########.#. ## ..
#.#.#........<#.#. #.#
#.#.###########.#. ..
#.#.#...........#. #+#
#.#.###########.


You could see an orc wizard.

Vanquished Creatures
  A dart slug (D:1)
  2 orcs (D:2)
  2 bats (D:1)
  5 endoplasms
  2 giant cockroaches
  2 kobolds (D:1)
  2 quokkas
  2 ball pythons (D:1)
  3 frilled lizards
  2 goblins
  5 rats
28 creatures vanquished.

Vanquished Creatures (collateral kills)
  An adder (D:2)
1 creature vanquished.

Grand Total: 29 creatures vanquished

Notes
Turn   | Place    | Note
-------+----------+-------------------------------------------
     0 | D:1      | dabmancer the Spriggan Hedge Wizard began the quest for the
                  | Orb.
     0 | D:1      | Reached XP level 1. HP: 9/9 MP: 6/6
   402 | D:1      | Reached XP level 2. HP: 5/13 MP: 1/8
   851 | D:1      | Found a faded altar of an unknown god.
   869 | D:1      | Prayed at the altar of an unknown god.
   869 | D:1      | Became a worshipper of Dithmenos the Shadowed
   869 | D:1      | Reached * piety under Dithmenos
   953 | D:1      | Learned a level 2 spell: Blink
   956 | D:1      | Learned a level 2 spell: Call Imp
  1036 | D:1      | Found Facki's Weapon Emporium.
  1625 | D:2      | Reached XP level 3. HP: 16/16 MP: 7/10
  1971 | D:2      | Killed from afar by an orc wizard

Illustrated notes

Levels and vault maps discovered:
D:1:      dpeg_arrival_leaves_temple_mockup, layout_basic,
          shapermc_ecumenical_altar_mp_highgroup, serial_shops, shop,
          chequers_serial_rivers_micro_b
D:2:      layout_basic, minmay_quadrilaterals

Skill      XL: |  1  2 |
---------------+-------+-----
Dodging        | 3 |  3.2
Staves         | |  0.5
Stealth        | |  3.3
Spellcasting   | |  4.9
Conjurations   | |  0.9
Summonings     | |  0.7
Translocations | |  1.5
Evocations     | |  0.3

Action                   || total
-------------------------++-------
Melee: Dagger            ||    16
       Staff             ||     7
 Cast: Magic Dart        ||    65
       Call Imp          ||     3
  Use: Potion            ||     1
Armor: Robe              ||     1
Dodge: Dodged            ||    30

Table legend: (Time is in decaauts)
 A = Elapsed time spent in this place.
 B = Non-inter-level travel time spent in this place.
 C = Inter-level travel time spent in this place.
 D = Time resting spent in this place.
 E = Time spent auto-exploring this place.
 F = Levels seen in this place.
 G = Mean time per level.
                   A        B        C        D        E       F      G
               +--------+--------+--------+--------+--------+-----+--------+
         Total |   1598 |   1598 |      0 |    517 |    800 |   2 |  799.0 |
       Dungeon |   1598 |   1598 |      0 |    517 |    800 |   2 |  799.0 |
               +--------+--------+--------+--------+--------+-----+--------+

Top non-repeatable levels by time:
     D:1: 1068 daAuts
     D:2: 529 daAuts
